 Dungeon Crawl Stone Soup version 0.17-a0-2147-gfb20a63 (console) character file.

51777 brucemayne the Severer (level 14, -5/156 HPs)
             Began as a Demonspawn Berserker on Oct 24, 2015.
             Was the Champion of Trog.
             Slain by a merfolk
             ... wielding a +0 trident
              (10 damage)
             ... on level 3 of the Shoals.
             The game lasted 00:56:58 (10481 turns).

brucemayne the Severer (Demonspawn Berserker)      Turns: 10481, Time: 00:56:59

Health: -5/156     AC: 27    Str: 26    XL:     14   Next: 24%
Magic:  0/14       EV:  8    Int:  8    God:    Trog [******]
Gold:   1000       SH:  4    Dex: 15    Spells: 0 memorised, 13 levels left

rFire  x . .     SeeInvis .     E - +6 executioner's axe (vamp)
rCold  + + .     Clarity  .     g - +2 plate armour {MR+}
rNeg   . . .     SustAt   .     (no shield)
rPois  +         Gourm    .     i - +1 helmet
rElec  .         Spirit   +     H - +1 cloak {rPois}
rCorr  .         Warding  .     t - +2 pair of gloves
rMut   .         Stasis   .     (no boots)
MR     +++..                    r - amulet of faith
Stlth  ..........               d - ring of ice
                                K - ring of protection from magic

@: berserking (expiring), lethally poisoned (-5 -> -9), studying 2 skills, very
quick, extremely resistant to hostile enchantments, extremely unstealthy
A: talons 1, large bone plates 3, breathe flames 1, cold resistance 1, magic
shield, rot immunity
a: Berserk, Trog's Hand, Brothers in Arms, Burn Spellbooks, Renounce Religion,
Breathe Fire


You were on level 3 of the Shoals.
You worshipped Trog.
Trog was exalted by your worship.
You were not hungry.

You visited 5 branches of the dungeon, and saw 29 of its levels.
You also visited: Bailey.

You collected 1638 gold pieces.
You spent 638 gold pieces at shops.

Inventory:

Hand Weapons
 E - a +6 vampiric executioner's axe (weapon)
 Z - a +6 battleaxe of electrocution
Missiles
 v - 5 tomahawks (quivered)
Armour
 g - a +2 plate armour of magic resistance (worn)
 i - a +1 helmet (worn)
 t - a +2 pair of gloves (worn)
 H - a +1 cloak of poison resistance (worn)
Jewellery
 d - a ring of ice (right hand)
 j - an uncursed amulet of rage
 o - an uncursed ring of positive energy
 r - an amulet of faith (around neck)
 I - an uncursed ring of fire
 K - a ring of protection from magic (left hand)
Wands
 f - a wand of fire (2)
 q - a wand of paralysis (5)
 w - a wand of fire (7)
 B - a wand of draining (7)
 C - a wand of paralysis (9)
 N - a wand of fireball (6)
 U - a wand of disintegration (17)
Scrolls
 J - a scroll of enchant armour
 Q - 3 scrolls of teleportation
 X - a scroll of recharging
Potions
 b - a potion of resistance
 h - a potion of flight {unknown}
 k - 2 potions of brilliance
 l - a potion of cure mutation {unknown}
 m - 2 potions of invisibility
 p - a potion of poison {unknown}
 x - 3 potions of lignification
 z - 2 potions of haste
 A - 2 potions of curing
 D - a potion of degeneration {unknown}
 G - 3 potions of heal wounds
 T - a potion of magic {unknown}
 V - 3 potions of berserk rage
Books
 O - a manual of Fighting
 P - a manual of Armour
Miscellaneous
 a - a legendary deck of defence
 e - a plain deck of changes
 s - a lantern of shadows
 R - a fan of gales
Comestibles
 c - 7 bread rations
 y - 3 slices of pizza
 L - 4 meat rations
 M - a royal jelly


   Skills:
 - Level 7.7 Fighting
 * Level 20.0 Axes
 - Level 7.3 Armour
 - Level 1.7 Dodging


You had 13 spell levels left.
You didn't know any spells.

Dungeon Overview and Level Annotations

Branches:
Dungeon (13/15)            Temple (1/1) D:7            Lair (8/8) D:8
 Shoals (3/4) Lair:5        Slime (0/6) Lair:8          Orc (4/4) D:11
    Elf (0/3) Orc:3
  Snake: Lair:3-6    Spider: Lair:3-6    Vaults: D:13-14

Altars:
Ashenzari
Dithmenos
Fedhas
Gozag
Kikubaaqudgha
Makhleb
Nemelex Xobeh
Okawaru
Qazlal
Sif Muna
Trog
Vehumet
Xom
Yredelemnul
The Shining One

Shops:
D:7 %   D:12 :   Orc:2 [   Orc:4 :[=*

Annotations:
D:7 M4edhros's ghost, novice OpAr
Lair:3 exclusion: oklob plant


Innate Abilities, Weirdness & Mutations

You have sharp toenails.
You are completely covered in large bone plates (AC +4, SH +4).
Your flesh is cold resistant.
When hurt, damage is shared between your health and your magic reserves.
You are immune to rotting.
You can breathe flames.


Message History

The merfolk hits you from afar with a trident!
* * * LOW HITPOINT WARNING * * *
You closely miss the merfolk. You claw the merfolk.
The merfolk is almost dead.
You slice the merfolk!!
You kill the merfolk!
Trog accepts your kill. The merfolk hits you with a trident.
* * * LOW HITPOINT WARNING * * *
The merfolk closely misses you.
A merfolk comes into view. It is wielding a trident.
The merfolk shouts!
You chop the merfolk into pieces!!!
You feel better.
You kill the merfolk!
Trog accepts your kill.
Your Axes skill increases to level 20!
* * * LOW HITPOINT WARNING * * *
You feel sick.
The merfolk hits you from afar with a trident!
You die... ≈.P. ≈≈≈≈≈..
PP.≈ ...≈.≈≈ PP≈≈. .....≈≈ PP...

.....≈≈ ......
..(..≈≈
......###m....m≈
......m..)......
#..<@)......
#^)..)##....
.....##### .
#...# #... #..
... ≈..


You could see 3 merfolk.

Vanquished Creatures
  Rupert (Lair:3)
  Donald (Shoals:3)
  A merfolk impaler (Shoals:3)
  Josephine (Lair:7)
  3 hydras
  Urug (Orc:2)
  A skeletal warrior (D:12)
  A sea snake (Shoals:2)
  7 hill giants
  3 orc knights
  A griffon (Lair:8)
  2 ugly things (D:11)
  A water nymph (Shoals:2)
  Maurice (Orc:1)
  A siren (Shoals:3)
  Joseph (D:8)
  3 black mambas
  6 komodo dragons
  7 spiny frogs
  A spriggan druid (Lair:8)
  3 fire drakes
  5 polar bears (Lair:8)
  29 blink frogs
  The ghost of brucemayne the Chopper, an amateur DsBe of Trog (D:8)
  Prince Ribbit (Lair:3)
  3 merfolk (Shoals:3)
  2 two-headed ogres
  A shadow (D:11)
  5 wraiths (Lair:7)
  37 yaks
  6 spriggans
  4 deep elf magi
  A wyvern (Lair:5)
  3 vampire mosquitoes (D:12)
  5 hippogriffs
  A basilisk (Lair:8)
  A warg (Orc:2)
  29 wolves
  8 water moccasins
  4 ice beasts
  A necrophage (D:12)
  34 orc warriors
  2 porcupines
  2 phantoms (D:8)
  A sky beast (D:12)
  6 black bears
  2 centaurs (Orc:4)
  The ghost of brucemayne the Chopper, an amateur DsBe of Trog (D:4)
  3 ogres
  10 crocodiles
  8 giant frogs
  A brain worm (D:11)
  A wyvern zombie (D:9)
  3 scorpions
  5 crimson imps
  A centaur zombie (D:8)
  4 hounds
  A wasp zombie (D:8)
  16 orc priests
  4 jellies
  22 orc wizards
  2 iguanas
  5 worker ants
  8 sheep (Lair:7)
  A killer bee zombie (D:8)
  A hell rat (Lair:4)
  A hound skeleton (D:5)
  4 adders
  4 gnolls
  32 river rats
  3 shadow imps
  6 oozes (Lair:8)
  An adder skeleton (D:4)
  4 giant geckos
  163 orcs
  2 ball pythons (D:3)
  8 bats
  4 giant cockroaches
  7 goblins
  6 hobgoblins
  5 kobolds
  2 quokkas
  A giant cockroach zombie (D:5)
  A giant newt (D:3)
  7 jackals
  A jackal skeleton (D:7)
  8 rats
  2 bushes (Lair:8)
  A fungus (Lair:8)
  2 plants (Lair:8)
613 creatures vanquished.

Vanquished Creatures (collateral kills)
  5 orc warriors
  2 centaurs (Orc:4)
  An orc (Orc:4)
8 creatures vanquished.

Vanquished Creatures (others)
  A fungus (Lair:7)
  A plant (Lair:8)
2 creatures vanquished.

Grand Total: 623 creatures vanquished

Notes
Turn   | Place    | Note
--------------------------------------------------------------
     0 | D:1      | brucemayne the Demonspawn Berserker began the quest for the Orb.
     0 | D:1      | Reached XP level 1. HP: 18/18 MP: 1/1
   329 | D:3      | Gained mutation: You are partially covered in large bone plates (AC +2, SH +2). [demonic ancestry]
   329 | D:3      | Reached XP level 2. HP: 18/24 MP: 2/2
   704 | D:3      | Noticed an orc wizard
   714 | D:3      | Killed an orc wizard
   714 | D:3      | Reached ** piety under Trog
   714 | D:3      | Reached skill level 4 in Axes
   714 | D:3      | Reached XP level 3. HP: 10/29 MP: 3/3
   929 | D:3      | Reached XP level 4. HP: 18/35 MP: 4/4
  1062 | D:4      | Noticed brucemayne's ghost (amateur DsBe)
  1191 | D:4      | Noticed a phantom
  1204 | D:3      | Noticed an orc priest
  1205 | D:3      | Noticed an orc wizard
  1215 | D:3      | Killed an orc priest
  1215 | D:3      | Reached skill level 5 in Axes
  1215 | D:3      | Killed an orc wizard
  1215 | D:3      | Gained mutation: You have sharp toenails. [demonic ancestry]
  1215 | D:3      | Reached XP level 5. HP: 41/41 MP: 5/5
  1316 | D:4      | Killed brucemayne's ghost
  1316 | D:4      | Reached skill level 6 in Axes
  1331 | D:4      | Gained mutation: You are mostly covered in large bone plates (AC +3, SH +3). [demonic ancestry]
  1331 | D:4      | Reached XP level 6. HP: 28/47 MP: 6/6
  1479 | D:3      | Reached *** piety under Trog
  1534 | D:5      | Entered Level 5 of the Dungeon
  1552 | D:5      | Found a burning altar of Makhleb.
  1754 | D:6      | Reached skill level 7 in Axes
  1886 | D:6      | Reached XP level 7. HP: 45/52 MP: 7/7
  1906 | D:7      | Noticed M4edhros's ghost (novice OpAr)
  1917 | D:7      | Found Couzinot's Food Shoppe.
  2131 | D:7      | Found a staircase to the Ecumenical Temple.
  2161 | Temple   | Entered the Ecumenical Temple
  2310 | D:8      | Noticed Joseph
  2324 | D:8      | Killed Joseph
  2324 | D:8      | Reached skill level 8 in Axes
  2365 | D:8      | Gained mutation: You are completely covered in large bone plates (AC +4, SH +4). [demonic ancestry]
  2365 | D:8      | Reached XP level 8. HP: 58/58 MP: 8/8
  2413 | D:8      | Noticed a two-headed ogre
  2425 | D:8      | Killed a two-headed ogre
  2507 | D:8      | Reached skill level 9 in Axes
  2507 | D:8      | Reached skill level 5 in Armour
  2866 | D:8      | Noticed a spiny frog
  2870 | D:8      | Noticed a komodo dragon
  2870 | D:8      | Noticed a blink frog
  2945 | D:9      | Reached XP level 9. HP: 61/65 MP: 9/9
  2946 | D:9      | Reached skill level 10 in Axes
  2951 | D:9      | Reached **** piety under Trog
  2965 | D:9      | Reached skill level 5 in Fighting
  3057 | D:10     | Entered Level 10 of the Dungeon
  3087 | D:10     | Noticed a hill giant
  3106 | D:10     | Killed a hill giant
  3106 | D:10     | Reached skill level 11 in Axes
  3457 | D:11     | Noticed a brown ugly thing
  3574 | D:11     | Reached XP level 10. HP: 70/74 MP: 10/10
  3586 | D:11     | Noticed a hill giant
  3595 | D:11     | Killed a hill giant
  3595 | D:11     | Reached skill level 12 in Axes
  3600 | D:11     | Found a staircase to the Orcish Mines.
  3622 | D:11     | Noticed a four-headed hydra
  3726 | D:12     | Noticed an eight-headed hydra
  3944 | D:12     | Found Ipyquoh's Book Shop.
  3965 | D:12     | Reached ***** piety under Trog
  3999 | D:12     | Reached skill level 13 in Axes
  4053 | D:12     | Noticed a skeletal warrior
  4080 | D:12     | Killed a skeletal warrior
  4205 | D:12     | Noticed a hill giant
  4218 | D:12     | Killed a hill giant
  4363 | D:12     | Gained mutation: You can breathe flames. [mutagenic meat]
  4373 | D:12     | Noticed a hill giant
  4390 | D:12     | Killed a hill giant
  4390 | D:12     | Reached skill level 14 in Axes
  4390 | D:12     | Gained mutation: You are immune to rotting. [demonic ancestry]
  4390 | D:12     | Reached XP level 11. HP: 48/79 MP: 11/11
  4551 | D:11     | Noticed a purple ugly thing
  4573 | D:11     | Killed a red ugly thing
  4576 | D:11     | Killed a red ugly thing
  4675 | D:10     | Noticed a hill giant
  4690 | D:10     | Killed a hill giant
  4785 | D:10     | Noticed a hill giant
  4792 | D:10     | Killed a hill giant
  4871 | D:11     | Noticed a hill giant
  4881 | D:11     | Killed a hill giant
  4933 | D:11     | Reached skill level 15 in Axes
  5070 | Orc:1    | Entered Level 1 of the Orcish Mines
  5070 | Orc:1    | Found a flagged portal.
  5151 | Bailey   | Entered a bailey
  5538 | Orc:1    | Identified a scroll of acquirement
  5628 | Orc:2    | Found Eddat's Antique Armour Shop.
  5628 | Orc:2    | Noticed Maurice
  5628 | Orc:2    | Noticed Urug
  5646 | Orc:1    | Killed Maurice
  5859 | Orc:3    | Received a gift from Trog
  5990 | Orc:4    | Entered Level 4 of the Orcish Mines
  6102 | Orc:3    | Found a staircase to the Elven Halls.
  6220 | Orc:2    | Killed Urug
  6278 | Orc:3    | Received a gift from Trog
  6467 | Orc:4    | Gained mutation: When hurt, damage is shared between your health and your magic reserves. [demonic ancestry]
  6467 | Orc:4    | Reached XP level 12. HP: 64/89 MP: 12/12
  6609 | Orc:4    | Reached ****** piety under Trog
  6744 | Orc:4    | Found Liysank's Jewellery Emporium.
  6744 | Orc:4    | Found Zedet's Armour Boutique.
  6908 | Orc:4    | Received a gift from Trog
  6985 | Orc:4    | Found Ruxufug's Book Shop.
  6987 | Orc:4    | Found Dicoul's Assorted Antiques.
  7001 | Orc:4    | Bought a fine iron ring for 165 gold pieces
  7001 | Orc:4    | Identified the ring "Upadan" {rPois rN+ MR- Dex+4 Stlth+} (You bought it in a shop on level 4 of the Orcish Mines)
  7002 | Orc:4    | Bought a runed cloak for 148 gold pieces
  7020 | Orc:4    | Bought an uncursed ring of protection from magic for 325 gold pieces
  7384 | D:8      | Noticed brucemayne's ghost (amateur DsBe)
  7401 | D:8      | Killed brucemayne's ghost
  7453 | D:8      | Found a staircase to the Lair.
  7460 | D:8      | Killed a spiny frog
  7460 | D:8      | Reached skill level 16 in Axes
  7483 | D:8      | Killed a komodo dragon
  7513 | D:8      | Killed a blink frog
  7605 | Lair:1   | Entered Level 1 of the Lair of Beasts
  7796 | Lair:3   | Noticed Rupert
  7810 | Lair:3   | Killed Rupert
  7951 | Lair:2   | Noticed a five-headed hydra
  7958 | Lair:2   | Killed an eight-headed hydra
  7958 | Lair:2   | Reached skill level 17 in Axes
  7980 | Lair:2   | Noticed a four-headed hydra
  8004 | Lair:2   | Killed an 11-headed hydra
  8056 | Lair:2   | Found a shimmering altar of Xom.
  8141 | Lair:3   | Found an opulent altar of Gozag.
  8141 | Lair:3   | Noticed Prince Ribbit
  8346 | Lair:4   | Received a gift from Trog
  8421 | Lair:5   | Reached XP level 13. HP: 96/98 MP: 10/13
  8696 | Lair:7   | Reached skill level 18 in Axes
  8718 | Lair:8   | Entered Level 8 of the Lair of Beasts
  8768 | Lair:8   | Received a gift from Trog
  8778 | Lair:8   | Got a warped battleaxe {god gift}
  8783 | Lair:8   | Identified the +8 battleaxe "Peor" {drain, rF+} (Trog gifted it to you on level 8 of the Lair of Beasts)
  8788 | Lair:8   | Got a faintly humming ring mail
  9180 | Lair:8   | Reached skill level 19 in Axes
  9192 | Lair:8   | Identified the +1 ring mail of the Game of Life {-Cast Str+4 Int+12 Stlth+} (You found it on level 8 of the Lair of Beasts)
  9268 | Lair:8   | Received a gift from Trog
  9416 | Lair:8   | Found a staircase to the Slime Pits.
  9486 | Lair:7   | Noticed Josephine
  9495 | Lair:7   | Killed Josephine
  9596 | Lair:6   | Gained mutation: Your flesh is cold resistant. [demonic ancestry]
  9596 | Lair:6   | Reached XP level 14. HP: 104/104 MP: 14/14
  9970 | Lair:3   | Killed Prince Ribbit
  9982 | Lair:3   | Received a gift from Trog
 10283 | Lair:5   | Found a staircase to the Shoals.
 10296 | Shoals:1 | Entered Level 1 of the Shoals
 10380 | Shoals:3 | Noticed Donald
 10391 | Shoals:3 | Killed Donald
 10479 | Shoals:3 | HP: 6/156 [merfolk/trident (13)]
 10481 | Shoals:3 | Reached skill level 20 in Axes
 10481 | Shoals:3 | Slain by a merfolk

Vault maps used:
D:1:      kilobyte_arrival_exit_the_forest
D:2:      nicolae_ru_sacrificial_ziggurat, patterned_corridor, uniq_natasha
D:3:      corexii_shack_village
D:4:      serial_shops, kennysheep_mini_moat, st_stairs_6
D:5:      lemuel_crystal_altar, first_bread
D:6:      minmay_holes, uniq_edmund
D:7:      gammafunk_temple_overflow_wave, minmay_temple_entry_steel_oval,
          serial_shops, nicolae_shop_scaring_up_business
D:8:      dpeg_lair_monsters, uniq_joseph
D:9:      nicolae_overflow_hidden_temple
D:11:     hiddenorc2_lemuel
D:12:     serial_shops, shop, hangedman_stone_soup
Temple:   hc_temple_tempest_star
Lair:1:   basic_altar, serial_bayou_pond_c, lemuel_old_faithful,
          serial_bayou_shore_b, serial_bayou_shore_b
Lair:2:   lemuel_centaur_altar, uniq_sonja
Lair:3:   lemuel_oklob_altar, uniq_rupert, uniq_prince_ribbit2
Lair:4:   kennysheep_abandoned_house, serial_bayou_pond_d,
          grunt_forest_small_clearing_treed, infiniplex_staircase_pool_2,
          lemuel_fruit_fields, lemuel_fruit_fields
Lair:5:   minmay_shoals_entry_lonely_mermaid, basic_altar
Lair:6:   guppyfry_snake_entry_island, columned_hall_lemuel, uniq_snorg
Lair:7:   grunt_megastairs_3, uniq_josephine
Lair:8:   minmay_lair_end_enchanted_forest, nicolae_slime_entry_slimehenge,
          hangedman_lair_unloving_vines
Shoals:2: nicolae_shoals_dead_sea_scrolls
Shoals:3: uniq_aizul, uniq_nikola, uniq_donald
Orc:1:    enter_bailey_2
Orc:2:    serial_shops, nicolae_shop_window_shopping, uniq_maurice, uniq_urug
Orc:3:    nicolae_orc_pool_cavern
Orc:4:    st_orc_rangers
Bailey:   bailey_polearm_2, bailey

Action                   |  1- 3 |  4- 6 |  7- 9 | 10-12 | 13-15 || total
-------------------------+-------+-------+-------+-------+-------++-------
Melee: Hand axe          |    93 |   229 |   151 |       |       ||   473
       Broad axe         |       |       |   119 |   169 |       ||   288
       War axe           |       |       |    26 |   522 |       ||   548
       Executioner's axe |       |       |       |   222 |   486 ||   708
Invok: Berserk           |     3 |     3 |     8 |    24 |     3 ||    41
       Trog's Hand       |       |     4 |     9 |    20 |     1 ||    34
       Brothers in Arms  |       |       |       |     5 |       ||     5
Evoke: Wand              |       |       |       |    18 |       ||    18
  Use: Scroll            |       |       |    10 |    20 |     8 ||    38
  Eat: Chunk             |     2 |     8 |    12 |    33 |     8 ||    63
       Fruit             |       |     1 |     3 |     2 |       ||     6
       Bread ration      |       |       |       |     3 |       ||     3
       Royal jelly       |       |       |       |     2 |       ||     2
       Pizza             |       |       |       |       |     1 ||     1
       Beef jerky        |       |       |       |       |     1 ||     1
